 Dungeon Crawl Stone Soup version 0.31.0-7-gf635a9b802 (webtiles) character file.

Game seed: 4536386472868647523

647 zenocrate the Sneak (level 7, -1/32 HPs)
             Began as a Vine Stalker Enchanter on Jan 23, 2024.
             Succumbed to a water moccasin's poison
             ... on level 5 of the Dungeon.
             The game lasted 00:04:10 (2958 turns).

zenocrate the Sneak (Vine Stalker Enchanter)        Turns: 2958, Time: 00:04:11

Health: -1/32      AC:  8    Str: 11    XL:     7   Next: 52%
Magic:  2/11       EV: 13    Int: 15    God:
Gold:   131        SH:  0    Dex: 16    Spells: 2/10 levels left

rFire   . . .        b - +2 dagger (venom)
rCold   . . .        (no shield)
rNeg    + . .        e - +1 robe {Will+}
rPois   .            (no helmet)
rElec   .            i - scarf {harm}
rCorr   .            (no gloves)
SInv    .            h - +0 pair of boots
Will    +....        (no amulet)
Stlth   +++          o - ring of positive energy
HPRegen 1.05/turn    q - +4 ring of protection
MPRegen 0.12/turn

%: harm (+30% outgoing, +20% incoming), guardian spirit
@: lethally poisoned (-1 -> -8), very slightly contaminated
A: fangs 2, regeneration 1, magic shield, antimagic bite, no potion heal 2
a: no special abilities


You were on level 5 of the Dungeon.
You visited 2 branches of the dungeon, and saw 6 of its levels.

You collected 131 gold pieces.

Inventory:

Hand Weapons
 a - a +1 dagger
 b - a +2 dagger of venom (weapon)
 d - a +0 dagger of flaming
Missiles
 p - 5 poisoned darts (quivered)
Armour
 e - a +1 robe of willpower (worn)
 g - a scarf of invisibility
 h - a +0 pair of boots (worn)
 i - a scarf of harm (worn)
Jewellery
 o - a ring of positive energy (left hand)
 q - a +4 ring of protection (right hand)
Scrolls
 f - a scroll of enchant armour {unknown}
 m - a scroll of fog {unknown}
 r - a scroll of teleportation {unknown}
 s - a scroll of poison {unknown}
 t - a scroll of vulnerability {unknown}
Potions
 c - 5 potions of invisibility
 j - a potion of resistance
 k - 3 potions of mutation
 l - 2 potions of berserk rage
 n - 3 potions of ambrosia {unknown}
 u - a potion of magic {unknown}


   Skills:
 - Level 0.4 Fighting
 + Level 2.9 Short Blades
 + Level 2.1 Armour
 + Level 3.1 Dodging
 + Level 5.6 Stealth
 - Level 2.1 Spellcasting
 + Level 4.3 Hexes
 + Level 2.7 Ice Magic


You had 2 spell levels left.
You knew the following spells:

 Your Spells              Type           Power      Damage    Failure   Level
a - Ensorcelled Hibernat  Hex/Ice        24%        N/A       8%          2
b - Confusing Touch       Hex            14%        N/A       11%         3
c - Tukima's Dance        Hex            14%        N/A       11%         3

Your spell library contained the following spells:

 Spells                   Type           Power      Damage    Failure   Level
 Dazzling Flash           Conj/Hex       16%        N/A       26%         3
 Passwall                 Erth           1%         N/A       54%         3
 Swiftness                Air            1%         N/A       54%         3


Dungeon Overview and Level Annotations

Branches:
Dungeon (5/15)             Temple (1/1) D:4

Altars:
Ashenzari
Elyvilon
Fedhas
Hepliaklqana
Makhleb
Nemelex Xobeh
Okawaru
Qazlal
Ru
Wu Jian
Xom

Shops:
D:4 :?

Annotations:
D:3 2 transporters, Laqueoixx's ghost, amateur OpSh


Innate Abilities, Weirdness & Mutations

You have extremely sharp teeth.
Your natural rate of healing is unusually fast.
When hurt, damage is shared between your health and your magic reserves.
Your bite disrupts and absorbs the magic of your enemies.
Potions cannot restore your health.


Message History

Okay, then.
You miss the water moccasin.
The water moccasin is severely wounded.
You feel sick. The water moccasin bites you.
You are too injured to fight recklessly!
Unknown command.
Casting: Confusing Touch (quite dangerous; 11% risk of failure)
Confirm with . or Enter, or press ? or * to list all spells.
Aiming: Ensorcelled Hibernation (safe; 8% risk of failure)
Press: ? - help, Shift-Dir - straight line, f/p - water moccasin
Aim: a water moccasin (severely wounded, very poisoned, chance to affect: 46%)
You miscast Ensorcelled Hibernation.
You are very lightly contaminated with residual magic.
Nothing appears to happen.
You feel sick. The water moccasin misses you. The water moccasin bites you!
* * * LOW HITPOINT WARNING * * *
You are lethally poisoned!
The water moccasin poisons you!
You hit the water moccasin. You bite the water moccasin. You drain its power.
You feel invigorated.
The water moccasin is severely wounded.
* * * LOW HITPOINT WARNING * * *
You feel very sick. The water moccasin barely misses you.
Unknown command.
Okay, then.
You aren't carrying any items that you can evoke.
Unknown command.
Okay, then.
You barely miss the water moccasin. Your bite misses the water moccasin.
The water moccasin is severely wounded.
* * * LOW HITPOINT WARNING * * *
You feel very sick. The water moccasin bites you.
Unknown command.
Unknown command.
You hit the water moccasin but do no damage.
Your bite misses the water moccasin.
The water moccasin is severely wounded.
You die...

. .. # ###
###...... #.##..
.........
.....##........
#..S.........
#..@#.#.# #.#
#...#.#.# #.#
#.......###.#
#.##...$.......#
......:.....###.###
##.###......#.....#
# ####.###.....#
........# #<....#
######### #.#.###


You could see a water moccasin (very poisoned).

Vanquished Creatures
  Sigmund (D:4)
  A sky beast (D:4)
  An ogre (D:4)
  2 bombardier beetles
  An iguana (D:5)
  2 orc wizards (D:3)
  A gnoll (D:3)
  8 adders
  A white imp (D:5)
  2 dart slugs (D:1)
  3 ribbon worms
  6 orcs
  4 bats
  3 endoplasms
  5 giant cockroaches
  7 goblins
  4 hobgoblins
  7 kobolds
  2 quokkas
  7 ball pythons
  6 frilled lizards
  4 rats
78 creatures vanquished.

Notes
Turn   | Place    | Note
-------+----------+-------------------------------------------
     0 | D:1      | zenocrate the Vine Stalker Enchanter began the quest for
                  | the Orb.
     0 | D:1      | Reached XP level 1. HP: 9/9 MP: 4/4
    55 | D:1      | Reached skill level 1 in Short Blades
   305 | D:1      | Reached XP level 2. HP: 13/13 MP: 6/6
   308 | D:1      | Learned a level 2 spell: Ensorcelled Hibernation
   449 | D:1      | Reached skill level 4 in Stealth
   994 | D:2      | Reached XP level 3. HP: 16/16 MP: 7/7
  1002 | D:2      | Learned a level 3 spell: Confusing Touch
  1172 | D:2      | Reached skill level 1 in Ice Magic
  1172 | D:2      | Reached XP level 4. HP: 17/21 MP: 3/8
  1264 | D:2      | Found a faded altar of an unknown god.
  1680 | D:3      | Reached XP level 5. HP: 14/25 MP: 3/9
  1687 | D:3      | Reached skill level 1 in Armour
  2229 | D:3      | Found a transporter.
  2243 | D:3      | Reached XP level 6. HP: 29/29 MP: 10/10
  2247 | D:3      | Learned a level 3 spell: Tukima's Dance
  2308 | D:3      | Found a transporter.
  2308 | D:3      | Noticed Laqueoixx's ghost (amateur OpSh)
  2394 | D:4      | Found a sacrificial altar of Ru.
  2405 | D:4      | Noticed a sky beast
  2412 | D:4      | Reached skill level 5 in Stealth
  2416 | D:4      | Killed a sky beast
  2567 | D:4      | Noticed Sigmund
  2586 | D:4      | Killed Sigmund
  2587 | D:4      | Reached XP level 7. HP: 32/32 MP: 6/11
  2653 | D:4      | Found Zouggeb's Magic Scroll Boutique.
  2661 | D:4      | Found Buxo's Vocational Training.
  2781 | D:4      | Found a staircase to the Ecumenical Temple.
  2876 | Temple   | Entered the Ecumenical Temple
  2920 | D:5      | Entered Level 5 of the Dungeon
  2957 | D:5      | HP: 1/32 [poisoned by a water moccasin]
  2958 | D:5      | Succumbed to a water moccasin's poison

Illustrated notes

Levels and vault maps discovered:
D:1:      amcnicky_arrival_wind_blow, layout_basic, dreamdust_princess_bridge
D:2:      layout_rooms, hellmonk_ecumenical_altar_arch_garden
D:3:      kennysheep_big_flooded_room, layout_basic, gammafunk_ghost_mausoleum,
          minmay_circle_x
D:4:      layout_rooms, lemuel_round_altar, temple_doors_ab, serial_shops,
          nicolae_shop_tiny_real_fake_doors, minivault_25,
          nicolae_shop_vocational, uniq_sigmund
D:5:      layout_basic, serial_shops, nicolae_shop_behind_doors,
          serial_library_hellmonk_layered_room
Temple:   cyrus_temple_forest

Skill      XL: |  1  2  3  4  5  6 |
---------------+-------------------+-----
Short Blades   | 1 2 |  2.9
Stealth        | 4 5 |  5.6
Dodging        | 2 3 |  3.1
Ice Magic      | 1 2 |  2.7
Armour         | 1 2 |  2.1
Hexes          | 4 |  4.3
Fighting       | |  0.4
Spellcasting   | |  2.1

Action                     |  1- 3 |  4- 6 |  7- 9 || total
---------------------------+-------+-------+-------++-------
  Melee: Dagger            |    62 |   118 |    25 ||   205
         Bite              |    11 |    33 |     8 ||    52
         Punch             |     2 |       |       ||     2
   Cast: Ensorcelled Hiber |     7 |    11 |     2 ||    20
         Confusing Touch   |       |     1 |       ||     1
    Use: Scroll            |       |     5 |       ||     5
   Stab: Sleeping          |    11 |    15 |     3 ||    29
         Confused          |       |     1 |       ||     1
 Armour: Robe              |    31 |    62 |    12 ||   105
  Dodge: Dodged            |    44 |    63 |    14 ||   121
